 Dungeon Crawl Stone Soup version 0.21.1-1-g345015f (webtiles) character file.

775 twistedcrescendo the Skirmisher (level 7, 0/64 HPs)
             Began as a Minotaur Berserker on June 18, 2018.
             Was a Priest of Trog.
             Slain by Pikel
             ... wielding a +1 whip of freezing
              (7 damage)
             ... on level 5 of the Dungeon.
             The game lasted 00:26:48 (2966 turns).

twistedcrescendo the Skirmisher (MiBe)              Turns: 2966, Time: 00:26:48

Health: 0/64       AC: 11    Str: 21    XL:     7   Next: 54%
Magic:  0/6        EV:  8    Int:  6    God:    Trog [***...]
Gold:   211        SH:  0    Dex: 12    Spells: 6/6 levels left

rFire    + . .     SeeInvis .   d - +3 quarterstaff (chaos)
rCold    . . .     Gourm    .   (shield currently unavailable)
rNeg     . . .     Faith    .   t - +0 chain mail
rPois    .         Spirit   +   (helmet restricted)
rElec    .         Reflect  .   p - +1 cloak
rCorr    .         Harm     .   (no gloves)
MR       .....                  (no boots)
Stlth    ..........             u - amulet of guardian spirit
HPRegen  0.20/turn              z - ring of Pyurgh {rF+ Int+2}
MPRegen  0.10/turn              (no ring)

@: berserk cooldown, slowed, very slow
A: retaliatory headbutt, horns 2
a: Berserk, Trog's Hand, Burn Spellbooks, Renounce Religion


You were on level 5 of the Dungeon.
You worshipped Trog.
Trog was most pleased with you.
You were near starving.

You visited 1 branch of the dungeon, and saw 5 of its levels.

You collected 211 gold pieces.

Inventory:

Hand Weapons
 a - a +0 mace
 d - a +3 quarterstaff of chaos (weapon)
 f - a +0 flail
 y - a +4 flail of venom
Missiles
 h - 11 poisoned needles
Armour
 b - a +0 animal skin
 e - a +0 ring mail
 n - a +0 plate armour
 p - a +1 cloak (worn)
 r - a cursed -1 robe
 t - a +0 chain mail (worn)
Jewellery
 i - a cursed ring of teleportation {unknown}
 u - an amulet of guardian spirit (around neck)
 z - the ring of Pyurgh (left hand) {rF+ Int+2}
   (You found it on level 5 of the Dungeon)

   [ring of intelligence]

   It affects your intelligence (+2).
   It protects you from fire.
Wands
 w - a wand of random effects (25)
Scrolls
 j - a scroll of teleportation
 l - 5 scrolls of remove curse
 m - 2 scrolls of enchant armour {unknown}
 o - a scroll of immolation {unknown}
Potions
 g - 6 potions of curing {unknown}
 k - a potion of lignification {unknown}
 s - a potion of might {unknown}
 v - 2 potions of agility {unknown}
 x - a potion of berserk rage {unknown}
Comestibles
 c - 6 rations
 q - 2 chunks of flesh


   Skills:
 + Level 6.9 Fighting
 - Level 4.9(6.6) Maces & Flails
 * Level 6.8(7.6) Staves
 - Level 3.0 Armour
 - Level 2.7 Dodging


You had 6 spell levels left.
You didn't know any spells.

Dungeon Overview and Level Annotations

Branches:
Dungeon (5/15)
 Temple: D:4-7

Altars:
Cheibriados
Dithmenos
Kikubaaqudgha
Okawaru
Sif Muna
Wu Jian

Annotations:
D:5 Pikel


Innate Abilities, Weirdness & Mutations

You reflexively headbutt those who attack you in melee.
You have a pair of horns on your head.


Message History

Something freezes you.
You sock something! Your headbutt misses something.
Something hits you but does no damage.
You hit something. Something hits you but does no damage. Something hits you!
Something freezes you.
You barely miss something. Something hits you.
* * * LOW HITPOINT WARNING * * *
Something freezes you.
* * * LOW HITPOINT WARNING * * *
Something hits you but does no damage.
You sock something! Something hits you but does no damage. Something hits you.
* * * LOW HITPOINT WARNING * * *
Something freezes you.
* * * LOW HITPOINT WARNING * * *
You hit something. Something hits you!
* * * LOW HITPOINT WARNING * * *
Something freezes you.
* * * LOW HITPOINT WARNING * * *
Something hits you!
You die...

#########
........#
#.......#
#.......#.
#.........
#)[.<...##
#######.@......#
#.....[[{.......
#.#####.......#.
#.# #.......#
#.## #...(...#
#..# #######..#
##.# #.# #.# ..
#.#


There were no monsters in sight!

Vanquished Creatures
  4 slaves (D:5)
  An ice beast (D:5)
  A howler monkey (D:4)
  A crimson imp (D:4)
  A bullfrog zombie (D:5)
  2 hounds
  Crazy Yiuf (D:2)
  An orc priest (D:4)
  2 orc wizards
  5 worker ants (D:4)
  Robin (D:4)
  11 adders
  3 gnolls (D:4)
  2 oozes
  2 worms
  2 dart slugs
  A leopard gecko (D:3)
  7 orcs
  4 giant cockroaches
  10 goblins
  13 hobgoblins
  5 jackals
  5 quokkas
  A ball python (D:4)
  4 bats
  4 frilled lizards
  6 kobolds
  A quokka skeleton (D:4)
  6 rats
  A fungus (D:2)
108 creatures vanquished.

Vanquished Creatures (others)
  An ogre (D:4)
1 creature vanquished.

Grand Total: 109 creatures vanquished

Notes
Turn   | Place    | Note
-------+----------+-------------------------------------------
     0 | D:1      | twistedcrescendo the Minotaur Berserker began the quest for the Orb.
     0 | D:1      | Reached XP level 1. HP: 19/19 MP: 0/0
   171 | D:1      | Reached XP level 2. HP: 20/27 MP: 1/1
   546 | D:2      | Reached XP level 3. HP: 18/33 MP: 2/2
  1160 | D:2      | Reached ** piety under Trog
  1196 | D:2      | Reached XP level 4. HP: 38/41 MP: 3/3
  1411 | D:2      | Found a runed door.
  1415 | D:2      | Noticed Crazy Yiuf
  1425 | D:2      | Killed Crazy Yiuf
  1859 | D:3      | Reached skill level 5 in Fighting
  1859 | D:3      | Reached skill level 1 in Staves
  1957 | D:3      | Reached XP level 5. HP: 48/48 MP: 4/4
  2077 | D:3      | Found an iron altar of Okawaru.
  2078 | D:3      | Found a shadowy altar of Dithmenos.
  2359 | D:4      | Noticed an ogre
  2362 | D:4      | Banished an ogre
  2388 | D:4      | Reached XP level 6. HP: 38/56 MP: 5/5
  2421 | D:4      | Found a snail-covered altar of Cheibriados.
  2421 | D:4      | Found an ornate altar of the Wu Jian Council.
  2424 | D:4      | Found an ancient bone altar of Kikubaaqudgha.
  2427 | D:4      | Noticed Robin
  2443 | D:4      | Killed Robin
  2508 | D:4      | Found a deep blue altar of Sif Muna.
  2569 | D:4      | Reached *** piety under Trog
  2569 | D:4      | Reached skill level 5 in Staves
  2667 | D:4      | Reached XP level 7. HP: 50/64 MP: 6/6
  2869 | D:5      | Entered Level 5 of the Dungeon
  2873 | D:5      | Got a slimy bone ring
  2889 | D:5      | Identified the ring of Pyurgh {rF+ Int+2} (You found it on level 5 of the Dungeon)
  2936 | D:5      | Noticed Pikel
  2966 | D:5      | Slain by Pikel

Skill      XL: |  1  2  3  4  5  6  7 |
---------------+----------------------+-----
Maces & Flails | 4 |  4.9
Fighting       | 4 5 6 |  6.9
Armour         | 3 |  3.0
Staves         | 1 3 5 6 |  6.8
Dodging        | |  2.7

Action                   |  1- 3 |  4- 6 |  7- 9 || total
-------------------------+-------+-------+-------++-------
Melee: Mace              |    60 |    18 |       ||    78
       Headbutt          |    18 |    21 |    10 ||    49
       Quarterstaff      |       |    92 |    52 ||   144
Invok: Berserk           |       |     2 |     1 ||     3
       Trog's Hand       |       |     2 |     1 ||     3
  Use: Scroll            |     1 |     2 |     3 ||     6
 Stab: Petrifying        |       |     1 |       ||     1
       Confused          |       |       |     1 ||     1
       Petrified         |       |       |     1 ||     1
  Eat: Chunk             |     1 |     7 |     1 ||     9
Armor: Ring mail         |    15 |     4 |       ||    19
       Chain mail        |       |    51 |    48 ||    99
Dodge: Dodged            |    35 |    53 |    17 ||   105
